 Dungeon Crawl Stone Soup version 0.26-a0-639-g72c4674329 (webtiles) character file.

Game seed: 6837785553467485086

(classic levelgen) 112701 EnegeticOcto the Severer (level 15, -9/142 HPs)
             Began as a Deep Dwarf Fighter on Sept 28, 2020.
             Was the Champion of Makhleb.
             Killed from afar by Jorgrun (16 damage)
             ... with an iron shot
             ... on level 3 of the Snake Pit.
             The game lasted 00:13:18 (14347 turns).

EnegeticOcto the Severer (Deep Dwarf Fighter)      Turns: 14347, Time: 00:13:19

Health: -9/142     AC: 31    Str: 27    XL:     15   Next: 78%
Magic:  0/0        EV:  4    Int: 10    God:    Makhleb [******]
Gold:   1079       SH: 20    Dex: 12    Spells: 14/14 levels left

rFire    + + .     SeeInvis .   z - +9 war axe (elec)
rCold    x . .     Faith    .   p - +2 kite shield
rNeg     + . .     Spirit   .   b - +8 plate armour "Waschuri" {rC- MR+++ Int+2}
rPois    .         Reflect  +   g - +0 helmet
rElec    +         Harm     .   f - +2 cloak {rCorr}
rCorr    +         Rampage  .   E - +1 pair of gloves
MR       +++++                  (no boots)
Stlth    ..........             x - amulet of Akayschell {Reflect rElec Slay+3 SH+5 Stlth+}
HPRegen  0.00/turn              a - ring of protection from fire
MPRegen  0.07/turn              w - ring of Xom's Flight of Fancy {rF+ Stlth+}

@: lethally poisoned (-9 -> -11), grasped by roots, non-regenerating,
constricted, lightly drained
A: damage resistance, heal wounds, negative energy resistance 1, sense
surroundings 2, no regeneration
}: 1/15 runes: barnacled
a: Heal Wounds, Minor Destruction, Lesser Servant of Makhleb, Major Destruction,
Greater Servant of Makhleb, Renounce Religion


You were on level 3 of the Snake Pit.
You worshipped Makhleb.
Makhleb was exalted by your worship.
You visited 6 branches of the dungeon, and saw 29 of its levels.
You also visited: Gauntlet.

You collected 1926 gold pieces.
You spent 847 gold pieces at shops.

Inventory:

Hand Weapons
 z - a +9 war axe of electrocution (weapon)
Missiles
 r - 3 throwing nets (quivered)
Armour
 b - the +8 plate armour "Waschuri" (worn) {rC- MR+++ Int+2}
   (You found it on level 4 of the Shoals)

   It affects your intelligence (+2).
   It makes you vulnerable to cold.
   It affects your resistance to hostile enchantments.
 f - a +2 cloak of preservation (worn)
 g - a +0 helmet (worn)
 p - a +2 kite shield (worn)
 C - a scarf of repulsion
 E - a +1 pair of gloves (worn)
 F - a +2 plate armour of cold resistance
Jewellery
 a - a ring of protection from fire (left hand)
 c - the ring "Ciytz" {+Blink Str+6 Dex+2}
   (You found it on level 15 of the Dungeon)

   [ring of strength]

   It affects your strength (+6).
   It affects your dexterity (+2).
   It lets you blink.
 t - the ring of Veuth {rN+ SInv}
   (You found it on level 9 of the Dungeon)

   [ring of positive energy]

   It protects you from negative energy.
   It lets you see invisible.
 w - the ring of Xom's Flight of Fancy (right hand) {rF+ Stlth+}
   (You found it on level 9 of the Dungeon)

   [ring of stealth]

   It protects you from fire.
   It makes you more stealthy.
 x - the amulet of Akayschell (around neck) {Reflect rElec Slay+3 SH+5 Stlth+}
   (You found it on level 9 of the Dungeon)

   [amulet of reflection]

   It shields you and reflects attacks.
   It affects your accuracy and damage with ranged weapons and melee attacks
   (+3).
   It insulates you from electricity.
   It affects your SH (+5).
   It makes you more stealthy.
Wands
 i - a wand of disintegration (21)
 B - a wand of enslavement (6)
 H - a wand of iceblast (21) {@v2}
Scrolls
 j - 4 scrolls of teleportation {@r3}
 D - 3 scrolls of remove curse {@r2}
Potions
 d - 4 potions of might {@q3}
 e - 3 potions of ambrosia
 h - 5 potions of haste {@q4}
 k - 4 potions of heal wounds {@q2}
 l - 13 potions of curing {@q1}
 m - 3 potions of mutation
 n - 2 potions of magic
 o - 3 potions of stabbing {@q5}
 q - 4 potions of lignification {@q7}
 u - 3 potions of resistance {@q6}
 v - 2 potions of flight
Miscellaneous
 A - a box of beasts (3/3)


   Skills:
 + Level 11.3(10.8) Fighting
 * Level 17.4(16.9) Axes
 + Level 13.2(12.7) Armour
 + Level 13.1(12.7) Shields
 + Level 14.3(13.8) Invocations


You had 14 spell levels left.
You didn't know any spells.
Your spell library was empty.

Dungeon Overview and Level Annotations

Branches:
Dungeon (15/15)            Temple (1/1) D:5            Lair (4/6) D:8
 Shoals (4/4) Lair:4        Snake (3/4) Lair:2          Orc (2/2) D:9
    Elf (0/3) Orc:2        Depths (0/5) D:15        Gauntlet (visited)
 Vaults: D:13-14

Altars:
Ashenzari
Dithmenos
Elyvilon
Fedhas
Gozag
Hepliaklqana
Kikubaaqudgha
Makhleb
Qazlal
Ru
Sif Muna
Uskayaw
Vehumet
Wu Jian
Xom
Zin

Shops:
D:4 (   D:7 =   D:10 [   Orc:1 [   Orc:2 ![[(   Snake:3 *

Portals:
Trove: D:14 (give 9 potions of haste)

Annotations:
D:4 exclusion: door
D:12 exclusion: door
Snake:3 Aizul, Jorgrun


Innate Abilities, Weirdness & Mutations

You are resistant to damage.
You can heal yourself by infusing magical energy.
You resist negative energy. (rN+)
You passively map the area around you.
You do not regenerate.


Message History

The bolt of poison hits you!!
You are more poisoned.
Jorgrun drinks a potion.
Jorgrun seems to speed up.
You slice Aizul!!
Aizul is heavily wounded.
You feel very sick.
Aizul says, "Everybody has to sleep sometimes."
You block Aizul's attack. The nagaraja spits poison at you.
The splash of poison hits you but does no damage.
You are more poisoned.
The naga ritualist gestures wildly while chanting.
The naga ritualist begins to radiate toxic energy.
You are more poisoned.
You miss Aizul.
Aizul is heavily wounded.
You feel very sick.
You are more poisoned.
Aizul screams, "I'll haunt your nightmares!"
You block Aizul's attack.
You closely miss Aizul.
Aizul is heavily wounded.
You slash Jorgrun!
You feel very sick.
You are more poisoned.
You block Aizul's attack. Jorgrun hits you but does no damage.
You block Aizul's attack.
You miss Aizul.
Aizul is heavily wounded.
You slash Jorgrun!
You feel very sick. Jorgrun gestures at you while chanting.
Roots burst forth from the earth!
The grasping roots grab you! The grasping roots constrict you.
Aizul coils herself and waves her upper body at you.
The poison arrow hits you!!
You are more poisoned.
You are too injured to fight recklessly!
You are too injured to fight recklessly!
You are too injured to fight recklessly!
You are too injured to fight recklessly!
You are too injured to fight recklessly!
You are too injured to fight recklessly!
There is a lethal amount of poison in your body!
You are too injured to fight recklessly!
You are too injured to fight recklessly!
You are too injured to fight recklessly!
You are too injured to fight recklessly!
You are too injured to fight recklessly!
You are too injured to fight recklessly!
Your magical essence is drained by the effort!
You feel much better.
You feel very sick.
You are more poisoned.
Jorgrun hits you but does no damage. The grasping roots constrict you.
The nagaraja casts a spell.
The nagaraja seems to speed up.
Aizul hits you but does no damage. The nagaraja casts a spell at you.
The bolt of poison hits you!
You are lethally poisoned!
You feel better.
You are poisoned.
The naga ritualist's toxic aura wanes.
Jorgrun hits you but does no damage. The grasping roots constrict you!
You block Aizul's attack. You block Jorgrun's attack.
The grasping roots constrict you. Aizul hits you!
Your magical essence is drained by the effort!
You feel much better.
The nagaraja hits you with a +2 flail of draining!
You partially resist.
You feel drained. You block Aizul's attack.
Jorgrun mutters some incantations to himself.
Jorgrun hits you but does no damage. The grasping roots constrict you.
Evoke which item? (* to show all) (? for menu, Esc to quit)
Okay, then.
Really read the scroll of immolation? [Y]es or [N]o only, please.
Really read the scroll of immolation?
As you read the scroll of immolation {@r4}, it crumbles to dust.
The creatures around you are filled with an inner flame!
Aizul says, "Replaced!
How does it feel to be replaced?"
You block Aizul's attack.
The nagaraja hits you with a +2 flail of draining!
You partially resist.
You feel drained. You block Jorgrun's attack. The grasping roots constrict you!
Aizul coils herself and waves her upper body at you.
The poison arrow hits you!!!
You are more poisoned.
* * * LOW HITPOINT WARNING * * *
You don't have enough innate magic capacity.
You slash Jorgrun!
Flame seeps out of Jorgrun.
Jorgrun is lightly wounded.
You hit the naga.
Flame seeps out of the naga.
Lightning courses through the naga!
Flame seeps out of the naga.
You slash Aizul!
Flame seeps out of Aizul.
You hit the nagaraja.
Flame seeps out of the nagaraja.
Lightning courses through the nagaraja!!
Flame seeps out of the nagaraja.
You feel sick.
The nagaraja is engulfed in blazing flames.
Flame seeps out of the nagaraja.
You block the nagaraja's attack.
Jorgrun is engulfed in blazing flames.
Flame seeps out of Jorgrun.
Jorgrun points at you and mumbles some strange words.
The iron shot hits you!!
You die...

, , ,* #........#.∩.## *
..............## ** *
...........#....# ,*
................. ,,, *
........................
........................
......S......##.........
#....N@....# #.........
##..NgN....# #.........
* ##NN###...###.........
* , *.N..
#...............
..........####.......)..
.?........# #..........
..........# ##.........
........#.# ##........
,.N..#### #......##


You could see Aizul (inner flame), Jorgrun (fast, inner flame), a naga warrior
(inner flame), 2 nagarajas, a naga ritualist (inner flame) and 2 nagas.

Vanquished Creatures
  2 hellephants (D:15)
  Ilsuiw (Shoals:4)
  A fire giant (D:15)
  A frost giant (Shoals:4)
  An orc warlord (Orc:2)
  A blizzard demon (Gauntlet)
  3 merfolk javelineers (Shoals:4)
  4 merfolk impalers (Shoals:4)
  Josephine (Shoals:1)
  Harold (D:9)
  A naga warrior (Snake:1)
  3 merfolk avatars
  2 merfolk aquamancers (Shoals:4)
  An anaconda (Snake:2)
  An alligator snapping turtle (Shoals:4)
  6 centaur warriors
  2 ogre magi (Orc:2)
  A satyr (Shoals:4)
  12 two-headed ogres
  2 tengu warriors
  2 hell hogs (D:15)
  A shock serpent (Snake:2)
  2 naga sharpshooters (Snake:2)
  A sea snake (Shoals:4)
  3 unseen horrors
  2 deep elf archers (D:15)
  2 deep trolls (Orc:2)
  6 ugly things
  An orc sorcerer (Orc:1)
  4 deep elf magi
  A manticore (Shoals:1)
  5 cyclopes
  A faun (Shoals:1)
  4 black mambas
  3 elephants (Lair:4)
  5 merfolk sirens
  5 water nymphs
  A gargoyle (D:11)
  4 cane toads
  5 naga magi
  2 kobold demonologists
  A rime drake (Lair:4)
  An efreet (D:15)
  3 komodo dragons
  A tengu conjurer (Gauntlet)
  An ice devil (Gauntlet)
  10 merfolk
  A wind drake (Shoals:4)
  Grinder (D:6)
  8 blink frogs (Lair:3)
  10 slime creatures
  14 trolls
  6 hippogriffs
  2 snapping turtles (Shoals:4)
  3 dream sheep (Shoals:1)
  5 small abominations (Gauntlet)
  Sigmund (D:5)
  3 wraiths (Shoals:1)
  2 wyverns
  Grum (D:9)
  2 water elementals
  8 yaks
  9 nagas
  12 hell hounds (D:15)
  An acid dragon (D:10)
  3 wargs (Orc:1)
  6 porcupines
  10 water moccasins
  14 orc warriors
  A hornet zombie (D:15)
  2 sky beasts
  2 black bears
  An eye of draining (D:11)
  4 phantoms
  3 ice beasts
  29 ogres
  8 crocodiles
  8 centaurs
  8 wolves
  A big kobold (D:10)
  14 bullfrogs
  2 wyvern skeletons
  6 scorpions
  5 killer bees (D:10)
  13 wights
  A howler monkey (D:6)
  3 bullfrog zombies
  3 centaur zombies
  5 quasits
  4 bullfrog skeletons
  4 hounds
  3 jellies
  14 orc priests
  19 orc wizards
  4 centaur skeletons
  4 iguanas
  16 worker ants
  A killer bee zombie (D:7)
  3 hound skeletons
  4 worker ant zombies
  3 gnolls (D:2)
  A howler monkey skeleton (D:9)
  7 adders
  A shadow imp (D:8)
  2 white imps
  2 adder skeletons
  2 worms
  A dart slug (D:1)
  5 leopard geckos
  44 orcs
  A ball python (D:1)
  5 bats
  7 giant cockroaches
  5 goblins
  3 hobgoblins
  6 kobolds
  4 quokkas
  3 frilled lizards
  A giant cockroach zombie (D:6)
  A jackal skeleton (D:7)
  2 jackal zombies
  A leopard gecko skeleton (D:4)
  3 rats
551 creatures vanquished.

Vanquished Creatures (collateral kills)
  A stone giant (Orc:1)
  A minotaur (Gauntlet)
  Snorg (D:11)
  A merfolk impaler (Shoals:4)
  6 hydras
  A merfolk aquamancer (Shoals:4)
  A sea snake (Shoals:4)
  An orc knight (Orc:1)
  2 manticores
  2 merfolk sirens (Shoals:4)
  3 cane toads (Lair:2)
  A rime drake (Lair:4)
  2 trolls (Orc:2)
  A merfolk (Shoals:4)
  A snapping turtle (Shoals:4)
  A centaur (Shoals:4)
  2 crocodiles (Lair:2)
  A wyvern zombie (D:11)
  3 orc priests (Orc:2)
  3 orcs (Orc:2)
35 creatures vanquished.

Vanquished Creatures (others)
  Sonja (Lair:2)
  10 fungi
  35 plants
46 creatures vanquished.

Grand Total: 632 creatures vanquished

Notes
Turn   | Place    | Note
-------+----------+-------------------------------------------
     0 | D:1      | EnegeticOcto the Deep Dwarf Fighter began the quest for the
                  | Orb.
     0 | D:1      | Reached XP level 1. HP: 20/20 MP: 1/1
    99 | D:1      | Reached XP level 2. HP: 27/27 MP: 2/2
   404 | D:2      | Reached skill level 3 in Axes
   405 | D:2      | Reached XP level 3. HP: 32/34 MP: 3/3
   547 | D:3      | Reached XP level 4. HP: 40/42 MP: 4/4
   732 | D:4      | Reached skill level 4 in Axes
   732 | D:4      | Reached XP level 5. HP: 22/49 MP: 5/5
   885 | D:4      | Reached XP level 6. HP: 36/57 MP: 6/6
   891 | D:4      | Found Byergh's Antique Weapon Emporium.
   928 | D:4      | Reached skill level 5 in Axes
  1170 | D:4      | Found a shimmering blue altar of Sif Muna.
  1422 | D:5      | Entered Level 5 of the Dungeon
  1433 | D:5      | Found a shattered altar of Ashenzari.
  1434 | D:5      | Found a radiant altar of Vehumet.
  1434 | D:5      | Found an ancient bone altar of Kikubaaqudgha.
  1434 | D:5      | Found a shadowy altar of Dithmenos.
  1442 | D:5      | Found a staircase to the Ecumenical Temple.
  1469 | D:5      | Reached XP level 7. HP: 36/64 MP: 7/7
  1477 | Temple   | Entered the Ecumenical Temple
  1596 | Temple   | Became a worshipper of Makhleb the Destroyer
  1876 | D:5      | Reached skill level 5 in Armour
  1876 | D:5      | Reached skill level 5 in Shields
  1876 | D:5      | Reached skill level 1 in Invocations
  1988 | D:5      | Noticed Sigmund
  2001 | D:5      | Killed Sigmund
  2001 | D:5      | Reached skill level 6 in Axes
  2332 | D:6      | Reached XP level 8. HP: 66/73 MP: 7/9
  2381 | D:6      | Noticed Grinder
  2397 | D:6      | Reached skill level 7 in Axes
  2410 | D:6      | Paralysed by Grinder for 3 turns
  2414 | D:6      | Killed Grinder
  2430 | D:6      | Found an ornate altar of the Wu Jian Council.
  2523 | D:6      | Reached skill level 5 in Fighting
  2578 | D:6      | Reached * piety under Makhleb
  2700 | D:6      | Reached skill level 8 in Axes
  2772 | D:7      | Found a shimmering altar of Xom.
  2850 | D:7      | Gained mutation: You passively map the area around you.
                  | [Deep Dwarf growth]
  2850 | D:7      | Reached XP level 9. HP: 43/81 MP: 9/9
  2943 | D:7      | Found Gawaimem's Jewellery Shoppe.
  3017 | D:7      | Reached skill level 5 in Invocations
  3833 | D:8      | Reached ** piety under Makhleb
  3871 | D:8      | Reached skill level 9 in Axes
  4024 | D:8      | Found a stormy altar of Qazlal.
  4145 | D:8      | Found a staircase to the Lair.
  4146 | D:8      | Noticed a komodo dragon
  4168 | D:8      | Killed a komodo dragon
  4538 | D:9      | Noticed a cyan ugly thing
  4543 | D:9      | Identified the amulet "Anagyst" {RegenMP Str+4}
  4543 | D:9      | Noticed a centaur warrior
  4576 | D:9      | Killed a cyan ugly thing
  4576 | D:9      | Reached XP level 10. HP: 71/91 MP: 9/9
  4617 | D:9      | Killed a centaur warrior
  4617 | D:9      | Reached skill level 10 in Axes
  4619 | D:9      | Got a clouded wooden ring
  4625 | D:9      | Identified the ring of Veuth {rN+ SInv} (You found it on
                  | level 9 of the Dungeon)
  4636 | D:9      | Got a heavily runed glass ring
  4639 | D:9      | Got a shimmering brass amulet
  4681 | D:9      | Identified the ring of Xom's Flight of Fancy {rF+ Stlth+}
                  | (You found it on level 9 of the Dungeon)
  4693 | D:9      | Identified the amulet of Akayschell {Reflect rElec Slay+3
                  | SH+5 Stlth+} (You found it on level 9 of the Dungeon)
  4711 | D:9      | Noticed Grum
  4718 | D:9      | Killed Grum
  4769 | D:9      | Noticed a two-headed ogre
  4786 | D:9      | Killed a two-headed ogre
  4886 | D:9      | Noticed Harold
  4919 | D:9      | Killed Harold
  4919 | D:9      | Reached skill level 11 in Axes
  4950 | D:9      | Found a white marble altar of Elyvilon.
  5098 | D:9      | Found a staircase to the Orcish Mines.
  5416 | D:9      | Reached XP level 11. HP: 91/100 MP: 12/12
  5623 | D:10     | Entered Level 10 of the Dungeon
  5707 | D:10     | Reached *** piety under Makhleb
  6020 | D:10     | Found a burning altar of Makhleb.
  6261 | D:10     | Noticed a two-headed ogre
  6265 | D:10     | Noticed a centaur warrior
  6266 | D:10     | Killed a two-headed ogre
  6274 | D:10     | Killed a centaur warrior
  6278 | D:10     | Found Ecsiec's Specialty Armours.
  6319 | D:11     | Reached **** piety under Makhleb
  6368 | D:11     | Reached skill level 12 in Axes
  6389 | D:11     | Found a gate leading to a gauntlet.
  6394 | Gauntlet | Entered a Gauntlet
  6394 | Gauntlet | Found a transporter.
  6394 | Gauntlet | Found a transporter.
  6394 | Gauntlet | Found a transporter.
  6394 | Gauntlet | Noticed a tengu warrior
  6394 | Gauntlet | Noticed a death ooze
  6410 | Gauntlet | Found a transporter.
  6427 | Gauntlet | Killed a tengu warrior
  6439 | Gauntlet | Found a transporter.
  6454 | Gauntlet | Found a transporter.
  6498 | Gauntlet | Noticed a blizzard demon
  6500 | Gauntlet | Found a transporter.
  6504 | Gauntlet | Killed a blizzard demon
  6507 | Gauntlet | Noticed a purple ugly thing
  6507 | Gauntlet | Noticed a green ugly thing
  6514 | Gauntlet | Noticed a glowing orange brain
  6538 | Gauntlet | Noticed a minotaur
  6555 | Gauntlet | Killed a minotaur
  6560 | Gauntlet | Found the +8 storm bow {elec, penet}
  6564 | Gauntlet | Identified the Guide on Nocuous Transformation
  6645 | D:11     | Noticed Snorg
  6674 | D:11     | Killed Snorg
  6674 | D:11     | Reached XP level 12. HP: 78/110 MP: 4/11
  6939 | D:11     | Reached skill level 10 in Invocations
  7299 | Orc:1    | Entered Level 1 of the Orcish Mines
  7300 | Orc:1    | Noticed a stone giant
  7322 | Orc:1    | Killed a stone giant
  7322 | Orc:1    | Reached skill level 13 in Axes
  7369 | Orc:1    | Found Usoguj's Armour Boutique.
  7376 | Orc:1    | Reached skill level 10 in Armour
  7601 | Orc:1    | Reached skill level 10 in Shields
  7697 | Orc:2    | Entered Level 2 of the Orcish Mines
  7718 | Orc:2    | Noticed an orc warlord
  7868 | Orc:2    | Killed an orc warlord
  7970 | Orc:2    | Found Diwkel's Antique Weapon Shoppe.
  7971 | Orc:2    | Found Wuifaag's Antique Armour Emporium.
  7971 | Orc:2    | Noticed a two-headed ogre
  7971 | Orc:2    | Noticed a two-headed ogre
  7971 | Orc:2    | Noticed a two-headed ogre
  7972 | Orc:2    | Noticed a two-headed ogre
  7972 | Orc:2    | Noticed a two-headed ogre
  7972 | Orc:2    | Noticed a two-headed ogre
  7973 | Orc:2    | Noticed an ogre mage
  7994 | Orc:2    | Killed a two-headed ogre
  7998 | Orc:2    | Killed a two-headed ogre
  8002 | Orc:2    | Killed a two-headed ogre
  8004 | Orc:2    | Killed a two-headed ogre
  8005 | Orc:2    | Reached XP level 13. HP: 77/120 MP: 9/9
  8011 | Orc:2    | Reached skill level 14 in Axes
  8065 | Orc:2    | Found Taleps's Armour Shop.
  8072 | Orc:2    | Reached ***** piety under Makhleb
  8076 | Orc:2    | Found Qenod's Distillery.
  8334 | Orc:2    | Found a staircase to the Elven Halls.
  8601 | Orc:2    | Bought a shiny kite shield for 247 gold pieces
  8653 | Orc:1    | Bought a +2 plate armour of cold resistance for 600 gold
                  | pieces
  8739 | Lair:1   | Entered Level 1 of the Lair of Beasts
  9085 | Lair:2   | Found a staircase to the Snake Pit.
  9448 | Lair:2   | Noticed Sonja
  9451 | Lair:2   | Killed Sonja
  9926 | Lair:3   | Reached skill level 15 in Axes
 10660 | Lair:4   | Found a staircase to the Shoals.
 10851 | Lair:4   | Gained mutation: You resist negative energy. (rN+) [Deep
                  | Dwarf growth]
 10851 | Lair:4   | Reached XP level 14. HP: 90/130 MP: 6/6
 11589 | D:14     | Reached skill level 10 in Fighting
 11664 | D:14     | Found a portal to a secret trove of treasure.
 11815 | D:15     | Entered Level 15 of the Dungeon
 11946 | D:15     | Found a huge runed gate.
 11946 | D:15     | Found a huge runed gate.
 11946 | D:15     | Found a huge runed gate.
 11950 | D:15     | Found a huge runed gate.
 11964 | D:15     | Found a huge runed gate.
 11965 | D:15     | Found a huge runed gate.
 11966 | D:15     | Found a huge runed gate.
 11970 | D:15     | Found a huge runed gate.
 11982 | D:15     | Found a huge runed gate.
 11984 | D:15     | Found a huge runed gate.
 11984 | D:15     | Found a huge runed gate.
 11985 | D:15     | Found a huge runed gate.
 12021 | D:15     | Reached skill level 16 in Axes
 12078 | D:15     | Found a huge runed gate.
 12079 | D:15     | Found a huge runed gate.
 12079 | D:15     | Found a huge runed gate.
 12080 | D:15     | Found a huge runed gate.
 12151 | D:15     | Found a staircase to the Depths.
 12151 | D:15     | Noticed a fire giant
 12169 | D:15     | Killed a fire giant
 12362 | D:15     | Noticed a hellephant
 12362 | D:15     | Noticed a hellephant
 12402 | D:15     | Killed a hellephant
 12443 | D:15     | Got a brightly glowing bone ring
 12444 | D:15     | Identified the Catalogue of the Supportive Frostbite
 12462 | D:15     | Identified the ring "Ciytz" {+Blink Str+6 Dex+2} (You found
                  | it on level 15 of the Dungeon)
 12476 | D:15     | Killed a hellephant
 12808 | Shoals:1 | Entered Level 1 of the Shoals
 12866 | Shoals:1 | Noticed Josephine
 12874 | Shoals:1 | Killed Josephine
 12893 | Shoals:1 | Reached XP level 15. HP: 127/140 MP: 4/4
 12971 | Shoals:4 | Entered Level 4 of the Shoals
 13083 | Shoals:4 | Got a slimy jade ring
 13103 | Shoals:4 | Noticed Ilsuiw
 13149 | Shoals:4 | Killed Ilsuiw
 13610 | Shoals:4 | Reached skill level 17 in Axes
 13686 | Shoals:4 | Noticed a frost giant
 13708 | Shoals:4 | Killed a frost giant
 13734 | Shoals:4 | Got a barnacled rune of Zot
 13795 | Shoals:4 | Identified the +8 plate armour "Waschuri" {rC- MR+++ Int+2}
                  | (You found it on level 4 of the Shoals)
 13806 | Shoals:4 | Identified the cursed ring of Wap Kodi {AC-4 Str+2 SInv}
                  | (You found it on level 4 of the Shoals)
 14141 | Snake:1  | Entered Level 1 of the Snake Pit
 14271 | Snake:2  | Reached ****** piety under Makhleb
 14329 | Snake:3  | Noticed Aizul
 14332 | Snake:3  | Found Kadamutt's Assorted Antiques.
 14332 | Snake:3  | Noticed a nagaraja
 14337 | Snake:3  | Noticed Jorgrun
 14337 | Snake:3  | Noticed a nagaraja
 14347 | Snake:3  | HP: 7/142 [poisoned by Aizul (poison arrow)]
 14347 | Snake:3  | Killed from afar by Jorgrun

Illustrated notes

Levels and vault maps discovered:
D:1:      wheals_arrival_shading, layout_basic, nrook_mini_vaults
D:2:      layout_loops_corners
D:3:      layout_basic
D:4:      layout_loops_corners, led_sif_book, serial_shops,
          nicolae_shop_statue_plus
D:5:      layout_loops_ring, chequers_temple_overflow_statue_of_worship,
          minmay_temple_entry_arrows, uniq_sigmund
D:6:      layout_rooms, old_standard_altar, uniq_grinder
D:7:      layout_layer_cave, old_standard_altar, serial_shops,
          nicolae_shop_stone, minmay_tree_intersection
D:8:      layout_rooms, grunt_qazlal_sundering, david_lair_shrubbed
D:9:      minmay_the_grid_triangle_9x9_recursive_2
          [minmay_the_grid_triangle_9x9_prize_special,
          minmay_the_grid_triangle_9x9_impossible_snake,
          minmay_the_grid_triangle_9x9_checkered,
          minmay_the_grid_triangle_9x9_corrupted_corridor], layout_basic,
          kennysheep_mini_moat, minivault_16, minmay_misc_feat_more_columns,
          uniq_grum, uniq_harold
D:10:     layout_basic, basic_altar, nicolae_barding_shop
D:11:     layout_big_octagon, gauntlet_entry_generic,
          chequers_serial_rivers_micro_c, uniq_snorg
D:12:     nzn_motion_control, layout_loops_corners, item_on_display_b
D:13:     layout_rooms, uniq_frances
D:14:     layout_cave_pools, david_vaults_4, special_room [special_room_orc],
          nicolae_trove_entry_crystal, hangedman_decor_peaks_small, uniq_nessos
D:15:     grunt_enter_depths_giant_problem, layout_rooms,
          grunt_decor_resistance, not_door_vault_due
Temple:   nicolae_temple_figure_eight
Lair:1:   lemuel_slime, layout_small_grid, serial_bayou_shore_a, uniq_joseph
Lair:2:   layout_loops_ring, guppyfry_snake_entry_island, minivault_26,
          uniq_sonja
Lair:3:   layout_cellular_growth
Lair:4:   layout_misc_corridors, elwin_shoals_entry_rooms
Shoals:1: layout_shoals, uniq_josephine
Shoals:2: layout_shoals, uniq_nikola
Shoals:3: layout_shoals, serial_shops, shop, nicolae_shoals_aquamancer_cove
Shoals:4: shoals_end_grunt_ice, layout_shoals, shoals_ilsuiw_ice
Snake:1:  layout_chambers
Snake:2:  cheibrodos_toxic_ritual, layout_rooms
Snake:3:  layout_cave_pods, serial_shops, shop, nicolae_shop_crystal,
          nicolae_shop_window_shopping, shop, nicolae_shop_stone, uniq_aizul,
          uniq_jorgrun
Orc:1:    layout_caves, serial_shops, shop_statue
Orc:2:    st_orc_open, layout_caves

Skill      XL: |  1  2  3  4  5  6  7  8  9 10 11 12 13 14 15 |
---------------+----------------------------------------------+-----
Axes           | 3 4 5 6 8 9 11 12 13 15 16 17 | 17.4
Fighting       | 3 4 5 6 7 8 9 10 11 | 11.3
Armour         | 4 5 6 7 8 9 10 11 12 13 | 13.2
Shields        | 4 5 6 7 8 9 10 11 12 13 | 13.1
Invocations    | 2 4 6 8 9 11 12 13 14 | 14.3

Action                   |  1- 3 |  4- 6 |  7- 9 | 10-12 | 13-15 || total
-------------------------+-------+-------+-------+-------+-------++-------
Melee: War axe           |    83 |   133 |   496 |   705 |   923 ||  2340
Invok: Lesser Servant of |       |       |       |    11 |    18 ||    29
       Greater Servant o |       |       |       |       |     1 ||     1
 Abil: Heal Wounds       |     1 |     4 |    21 |    30 |    43 ||    99
Evoke: Box of beasts     |       |       |       |     3 |     1 ||     4
       Wand              |       |       |       |       |     8 ||     8
  Use: Scroll            |       |       |    15 |     3 |    22 ||    40
       Potion            |       |       |       |     1 |     1 ||     2
 Stab: Distracted        |       |       |       |     4 |     4 ||     8
Armor: Scale mail        |    35 |    41 |    43 |       |       ||   119
       Plate armour      |       |       |   379 |   324 |   798 ||  1501
Dodge: Dodged            |    26 |    36 |   132 |   145 |   292 ||   631
Block: Kite shield       |    44 |    72 |   343 |   739 |  1109 ||  2307
       Reflection        |       |       |       |    22 |    57 ||    79

Table legend: (Time is in decaauts)
 A = Elapsed time spent in this place.
 B = Non-inter-level travel time spent in this place.
 C = Inter-level travel time spent in this place.
 D = Time resting spent in this place.
 E = Time spent auto-exploring this place.
 F = Levels seen in this place.
 G = Mean time per level.
                   A        B        C        D        E       F      G
               +--------+--------+--------+--------+--------+-----+--------+
         Total |  14458 |  12944 |   1514 |      0 |   8961 |  30 |  481.9 |
       Dungeon |   8689 |   7887 |    802 |      0 |   5496 |  15 |  579.3 |
        Temple |    150 |    106 |     44 |      0 |    104 |   1 |  150.0 |
          Lair |   2524 |   2161 |    363 |      0 |   1747 |   4 |  631.0 |
        Shoals |   1347 |   1152 |    195 |      0 |    708 |   4 |  336.8 |
     Snake Pit |    184 |    167 |     17 |      0 |     53 |   3 |   61.3 |
  Orcish Mines |   1344 |   1253 |     91 |      0 |    850 |   2 |  672.0 |
      Gauntlet |    218 |    218 |      0 |      0 |      3 |   1 |  218.0 |
               +--------+--------+--------+--------+--------+-----+--------+

Top non-repeatable levels by time:
     D:9: 1290 daAuts
Shoals:4: 1115 daAuts
     D:7: 991 daAuts
     D:4: 891 daAuts
     D:8: 884 daAuts
   Orc:2: 821 daAuts
  Lair:3: 819 daAuts
  Lair:4: 788 daAuts
    D:11: 756 daAuts
  Lair:2: 738 daAuts
    D:10: 716 daAuts
     D:5: 704 daAuts
    D:15: 672 daAuts
     D:6: 533 daAuts
   Orc:1: 523 daAuts
